Map: Neon Violet Square LE

Players

TYTY (TY)

  • Race: Terran Terran
  • Spawn Location: 11:00

Rogue - Winner!

  • Race: Zerg Zerg
  • Spawn Location: 5:00

Event: IEM Season 12 - Katowice

VOD

Have the link to the VOD?

Description

Time

  • Played on: March 3, 2018, 2:37 p.m.
  • Length: 14:44

All games in this series

Show
View Real Time Build Order
Export as new Build Order

TYTY Terran 

Build Orders: Mech 

Get SALT Encoding   

  12  0:00  SCV  
  13  0:12  SCV  
  14  0:18  Supply Depot  
  14  0:24  SCV  
  15  0:40  Barracks  
  15  0:42  SCV  
  16  0:55  Barracks  
  16  0:58  SCV  
  17  1:10  SCV  
  18  1:11  Refinery  
  19  1:26  Marine  
  19  1:27  Orbital Command  
  19  1:39  Supply Depot  
  19  1:41  Marine  
  19  1:44  Marine  
  21  1:50  Bunker  
  21  1:53  SCV  
  22  1:59  Marine  
  23  2:02  Marine  
  23  2:05  SCV  
  25  2:15  Factory  
  25  2:17  SCV  
  25  2:20  Marine  
  27  2:24  Marine  
  29  2:30  SCV  
  29  2:40  Marine  
  29  2:42  SCV, Marine  
  30  2:49  Supply Depot  
  30  2:57  SCV, Refinery  
  30  2:58  Factory Tech Lab  
  31  3:10  Marine x2  
  31  3:11  SCV  
  31  3:12  Bunker  
  34  3:16  Siege Tank  
  37  3:23  SCV  
  38  3:35  Supply Depot, SCV  
  39  3:47  SCV  
  35  3:53  Command Center  
  31  3:59  SCV  
  32  4:03  Starport  
  32  4:11  SCV  
  32  4:16  Siege Tank  
  37  4:28  Command Center  
  37  4:31  SCV  
  37  4:39  Viking  
  37  4:43  SCV  
  40  4:55  SCV  
  40  4:57  Barracks Reactor  
  41  5:01  Siege Tank  
  44  5:11  SCV  
  45  5:23  SCV  
  45  5:24  Orbital Command  
  45  5:28  Refinery  
  45  5:30  Refinery  
  45  5:35  SCV  
  46  5:39  Hellion x2  
  46  5:42  Orbital Command  
  50  5:43  Raven  
  50  5:47  SCV  
  53  5:50  SCV  
  54  5:59  SCV  
  54  6:00  Hellion  
  54  6:01  Hellion  
  54  6:03  SCV  
  60  6:04  Armory  
  60  6:09  Armory  
  60  6:11  SCV  
  60  6:15  SCV  
  60  6:16  Orbital Command  
  62  6:22  Hellion x2  
  62  6:23  SCV  
  67  6:27  SCV  
  67  6:28  Supply Depot  
  68  6:35  SCV  
  68  6:39  SCV  
  70  6:42  Barracks Tech Lab  
  70  6:45  Factory  
  70  6:46  Factory  
  72  6:47  SCV  
  72  6:48  SCV  
  72  6:51  SCV  
  72  6:52  Supply Depot, Terran Vehicle Weapons Level 1  
  73  6:57  Starport Reactor  
  73  7:00  SCV x2  
  73  7:01  Terran Vehicle And Ship Armor Level 1  
  75  7:03  SCV  
  74  7:12  SCV x2  
  74  7:13  Hellion  
  74  7:14  Hellion  
  80  7:17  SCV  
  81  7:24  SCV  
  81  7:25  SCV  
  81  7:28  Command Center  
  81  7:29  SCV  
  84  7:30  Siege Tank  
  84  7:35  Refinery  
  84  7:36  Refinery  
  87  7:44  SCV x2, Siege Tank  
  87  7:45  Supply Depot  
  87  7:46  Supply Depot  
  87  7:49  Factory, Liberator  
  92  7:51  Factory  
  92  7:55  SCV  
  93  8:07  SCV, Medivac  
  93  8:09  SCV x2  
  108  8:19  Thor  
  109  8:24  Supply Depot  
  109  8:25  Supply Depot, SCV x3  
  108  8:36  Supply Depot, Factory Reactor, Factory Tech Lab  
  108  8:40  Siege Tank  
  111  8:42  Hellion x2  
  111  8:47  SCV  
  111  8:48  SCV  
  117  8:50  Orbital Command  
  117  8:52  Viking  
  117  8:53  Engineering Bay  
  117  8:54  SCV  
  120  9:00  SCV x2  
  120  9:02  Siege Tank  
  125  9:04  Siege Tank  
  125  9:06  SCV  
  125  9:09  Hellion x2  
  133  9:12  Viking, SCV  
  136  9:17  Terran Vehicle And Ship Armor Level 2  
  136  9:23  SCV x2  
  134  9:27  Siege Tank  
  134  9:29  SCV  
  136  9:34  Siege Tank, Refinery  
  136  9:35  Refinery  
  136  9:36  Terran Vehicle Weapons Level 2  
  139  9:40  Sensor Tower  
  139  9:41  Viking  
  139  9:44  Viking  
  143  9:48  Siege Tank  
  143  9:49  Supply Depot  
  144  9:55  SCV  
  144  9:56  SCV x2  
  144  9:59  Hellion  
  148  10:06  Command Center  
  148  10:11  Viking, Hellion x2  
  148  10:12  Missile Turret  
  148  10:14  Viking  
  156  10:21  Supply Depot  
  156  10:22  Supply Depot x2  
  156  10:23  Siege Tank x2  
  164  10:29  Missile Turret  
  164  10:33  Missile Turret  
  162  10:36  Sensor Tower  
  161  10:50  Ghost Academy  
  161  10:52  Barracks  
  161  10:53  Barracks  
  161  10:55  Barracks  
  161  10:56  Viking x2, SCV, Barracks  
  161  10:57  SCV  
  172  11:03  Refinery  
  172  11:05  Infernal Pre-Igniter, Hellion x5  
  176  11:17  SCV, Refinery  
  177  11:20  Planetary Fortress  
  177  11:24  SCV  
  182  11:35  Starport  
  182  11:36  Starport  
  182  11:38  SCV x2  
  180  11:41  Barracks Tech Lab x2  
  180  11:45  Missile Turret  
  176  11:51  Barracks Tech Lab x2  
  176  11:53  Missile Turret, Hellion x5  
  188  11:54  Viking  
  188  11:55  Missile Turret  
  188  12:02  SCV x2  
  188  12:04  Ghost x2  
  192  12:14  Ghost  
  196  12:18  Starport Tech Lab, Starport  
  196  12:19  Starport Tech Lab  
  196  12:23  Smart Servos  
  193  12:33  Ghost x2  
  180  12:38  Siege Tank x2  
  180  12:39  Hellion x2  
  180  12:42  Ghost  
  180  12:43  Hellion  
  180  12:44  Hellion, SCV x2  
  151  12:52  Viking x2  
  151  12:54  SCV x2  
  151  12:56  SCV  
  151  12:58  SCV  
  147  13:07  Raven x2  
  147  13:08  Starport Tech Lab  
  147  13:14  Ghost x3  
  147  13:16  Hellion x4  
  147  13:19  Sensor Tower  
  159  13:20  Missile Turret  
  159  13:22  Viking  
  159  13:26  Thor x2  
  167  13:31  Raven  
  167  13:32  Siege Tank  
  172  13:44  Missile Turret  
  172  13:49  Viking  
  172  13:50  Viking, Raven  
  172  13:51  Hellion x2  
  180  13:55  SCV x2  
  180  13:56  SCV  
  175  14:07  Siege Tank  
  175  14:09  Viking, Siege Tank  
  168  14:11  SCV x2, Siege Tank  
  168  14:14  Ghost x2  
  136  14:24  SCV x2  
  136  14:29  SCV  
  136  14:30  SCV  
Show
View Real Time Build Order
Export as new Build Order

Rogue Zerg - Winner!

Build Orders: Hatch First 

Get SALT Encoding   

  12  0:00  Drone  
  13  0:14  Overlord  
  13  0:18  Drone  
  14  0:32  Drone x2  
  16  0:37  Drone  
  17  0:53  Hatchery  
  17  0:56  Drone  
  17  0:59  Drone  
  18  1:10  Extractor  
  17  1:15  Spawning Pool  
  17  1:18  Drone  
  17  1:22  Drone  
  19  1:28  Hatchery  
  19  1:31  Drone  
  19  1:41  Overlord  
  19  1:52  Extractor  
  18  2:01  Queen  
  18  2:02  Zergling x4  
  18  2:04  Extractor  
  22  2:09  Metabolic Boost  
  22  2:13  Zergling x2  
  23  2:27  Zergling x2  
  22  2:38  Zergling x2  
  20  2:45  Queen  
  20  2:46  Zergling x2  
  20  2:47  Zergling x2  
  24  2:54  Drone  
  25  3:01  Drone  
  25  3:04  Zergling x2  
  27  3:10  Zergling x8  
  31  3:15  Drone  
  32  3:22  Overlord  
  32  3:26  Drone  
  33  3:32  Drone  
  34  3:37  Drone  
  34  3:43  Drone  
  34  3:44  Drone  
  34  3:45  Drone x3  
  36  4:00  Hatchery  
  35  4:05  Drone x3  
  35  4:07  Drone  
  39  4:12  Drone x2  
  41  4:21  Overlord  
  41  4:22  Evolution Chamber  
  40  4:24  Drone  
  40  4:27  Drone  
  40  4:28  Drone  
  43  4:31  Drone  
  43  4:33  Overlord  
  45  4:41  Drone x2  
  45  4:45  Drone  
  48  4:46  Drone x3  
  48  4:51  Queen  
  53  4:56  Queen  
  55  5:00  Overlord  
  55  5:04  Drone x2  
  55  5:06  Drone  
  58  5:08  Drone  
  58  5:13  Overlord  
  59  5:17  Overlord  
  59  5:18  Drone  
  60  5:24  Drone x3  
  60  5:26  Extractor  
  62  5:32  Drone  
  62  5:33  Drone x5  
  68  5:36  Queen  
  70  5:46  Lair, Extractor  
  70  5:48  Roach Warren  
  68  5:54  Drone x2  
  68  5:55  Drone x6  
  75  6:03  Drone x2, Extractor x2  
  75  6:05  Spore Crawler, Extractor  
  75  6:08  Drone x3  
  76  6:17  Evolution Chamber x2  
  74  6:20  Hatchery  
  74  6:23  Overlord x2  
  73  6:26  Drone  
  73  6:27  Drone  
  73  6:30  Overlord  
  75  6:33  Overlord  
  74  6:42  Roach x5  
  74  6:46  Roach  
  74  6:47  Roach  
  88  6:54  Drone x4  
  88  6:55  Drone x3  
  95  7:02  Glial Reconstitution  
  95  7:05  Drone  
  95  7:12  Drone x3  
  95  7:14  Drone x3  
  99  7:17  Drone x2  
  99  7:19  Zerg Missile Weapons Level 1, Zerg Ground Armor Level 1  
  99  7:22  Overlord  
  100  7:28  Drone  
  100  7:29  Drone x3, Overlord  
  102  7:31  Overlord  
  102  7:37  Infestation Pit  
  102  7:43  Extractor  
  100  7:45  Overlord  
  100  7:49  Pneumatized Carapace  
  100  7:53  Drone x2  
  100  7:54  Drone x3, Extractor  
  100  7:56  Hatchery  
  100  7:58  Roach x4  
  111  8:02  Roach x2  
  115  8:06  Overlord  
  115  8:14  Overlord  
  115  8:18  Hive  
  113  8:21  Drone, Spire  
  113  8:22  Drone  
  113  8:23  Drone x3, Hydralisk Den  
  116  8:28  Drone x2, Spore Crawler  
  116  8:29  Drone x5  
  122  8:34  Drone  
  122  8:36  Spore Crawler  
  122  8:37  Queen  
  124  8:54  Roach x7  
  138  8:57  Grooved Spines  
  138  9:01  Roach x2  
  138  9:02  Overlord x3  
  142  9:03  Overlord  
  142  9:05  Ravager  
  142  9:08  Overlord  
  142  9:26  Zerg Ground Armor Level 2, Zerg Missile Weapons Level 2  
  141  9:31  Drone x2  
  141  9:34  Corruptor x3, Greater Spire  
  141  9:35  Corruptor  
  141  9:38  Drone x2  
  151  9:45  Overseer  
  151  9:46  Corruptor x3  
  151  9:49  Corruptor  
  159  9:55  Extractor  
  158  10:01  Hydralisk x6  
  170  10:08  Drone, Spore Crawler  
  170  10:09  Muscular Augments  
  170  10:29  Overlord x2  
  170  10:39  Hatchery  
  169  10:43  Viper x2  
  169  10:44  Viper  
  169  10:46  Extractor, Brood Lord x6  
  189  10:54  Brood Lord  
  191  11:01  Overlord  
  191  11:02  Overlord, Hatchery  
  190  11:07  Overlord  
  190  11:10  Overlord  
  190  11:16  Evolution Chamber x2  
  190  11:18  Evolution Chamber  
  185  11:23  Brood Lord  
  185  11:24  Hydralisk  
  185  11:25  Hydralisk x4  
  193  11:27  Overseer x2  
  193  11:28  Overseer x2  
  193  11:36  Hydralisk x3  
  199  11:40  Zerg Flyer Weapons Level 1  
  199  11:44  Burrow  
  199  11:45  Tunneling Claws  
  197  11:52  Spine Crawler  
  197  11:53  Spine Crawler  
  197  11:54  Drone x3, Spine Crawler  
  198  11:55  Drone  
  198  11:58  Spine Crawler, Overseer x3  
  197  12:05  Drone x2  
  197  12:31  Overlord x2  
  182  12:37  Overlord  
  182  12:41  Overlord  
  158  12:54  Hydralisk x18  
  184  13:04  Hydralisk x4  
  188  13:10  Roach x3  
  194  13:18  Spine Crawler  
  193  13:20  Spine Crawler  
  193  13:21  Roach x2  
  193  13:22  Roach, Overseer x2  
  193  13:24  Drone  
  199  13:32  Roach x2  
  199  13:33  Drone  
  199  13:34  Drone, Spine Crawler  
  200  13:35  Roach x2  
  200  14:02  Roach  
  198  14:04  Roach x2  
  198  14:08  Roach  
  198  14:09  Roach x8  
  190  14:10  Hydralisk x5  
  190  14:13  Hydralisk x4  
  200  14:22  Overlord x2  
  200  14:24  Overlord  

Tags
 
Add a new tag
Caveats
  • Supply blocks, unpowered buildings, or Contaminate may cause inaccurate times.
  • Supply counts are checked every 10 seconds.